 Dungeon Crawl Stone Soup version 0.26.1-2-gb8aa6d0cf2 (webtiles) character file.

Game seed: 14415972187386470843

52 windgrace the Vexing (level 4, -1/33 HPs)
             Began as a Formicid Arcane Marksman on Feb 11, 2021.
             Slain by an adder (4 damage)
             ... on level 2 of the Dungeon.
             The game lasted 00:08:24 (1150 turns).

windgrace the Vexing (Formicid Arcane Marksman)     Turns: 1150, Time: 00:08:25

Health: -1/33      AC:  2    Str: 14    XL:     4   Next: 8%
Magic:  6/6        EV: 12    Int: 13    God:
Gold:   38         SH:  0    Dex: 12    Spells: 5/6 levels left

rFire    . . .     SeeInvis +   (no weapon)
rCold    . . .     Faith    .   (no shield)
rNeg     . . .     Spirit   .   a - +0 robe
rPois    .         Reflect  .   (helmet unavailable)
rElec    .         Harm     .   (no cloak)
rCorr    .         Rampage  .   (no gloves)
Will     .....                  (no boots)
Stlth    ++........             (no amulet)
HPRegen  0.11/turn              (no ring)
MPRegen  0.10/turn              (no ring)

@: lethally poisoned (-1 -> -6), flying
A: permanent stasis, dig shafts and tunnels, four strong arms, antennae 3
a: Dig, Shaft Self


You were on level 2 of the Dungeon.
You visited 1 branch of the dungeon, and saw 2 of its levels.

You collected 38 gold pieces.

Inventory:

Missiles
 c - a javelin (quivered)
 d - 2 throwing nets
Armour
 a - a +0 robe (worn)
Jewellery
 i - an uncursed ring of wizardry {unknown}
Scrolls
 b - 3 scrolls of teleportation {unknown}
 e - 2 scrolls of immolation {unknown}
 f - 4 scrolls of remove curse {unknown}
 g - 4 scrolls of identify {unknown}
 j - 4 scrolls of enchant armour {unknown}


   Skills:
 + Level 1.9 Fighting
 + Level 2.5 Throwing
 - Level 1.7 Dodging
 + Level 1.5 Stealth
 + Level 1.7 Spellcasting
 + Level 4.1 Hexes


You had 5 spell levels left.
You knew the following spells:

 Your Spells              Type           Power        Failure   Level
a - Corona                Hex            13%          4%          1

Your spell library contained the following spells:

 Spells                   Type           Power        Failure   Level
 Slow                     Hex            12%          7%          2
 Inner Flame              Hex/Fire       6%           32%         3
 Portal Projectile        Hex/Tloc       12%          32%         3
 Cause Fear               Hex            6%           43%         4
 Leda's Liquefaction      Hex/Erth       3%           73%         4


Dungeon Overview and Level Annotations

Branches:
Dungeon (2/15)

Altars:
Vehumet


Innate Abilities, Weirdness & Mutations

You cannot be hasted, slowed, berserked, paralysed or teleported.
You can dig through walls and to a lower floor.
Your four strong arms can wield two-handed weapons with a shield.
You have a pair of large antennae on your head. (SInv)


Message History

The adder poisons you! The adder closely misses you.
Throw: 2 javelins
Press: ? - help, Q - select action, (/) - cycle Shift-Dir - straight line, f/p - adder
Aim: an adder (almost dead, 38% to hit)
You throw a javelin. The javelin misses the adder.
You feel sick. The adder bites you.
* * * LOW HITPOINT WARNING * * *
You miss the adder.
The adder is almost dead.
The adder barely misses you. x2
You closely miss the adder.
The adder is severely wounded.
You feel sick. The adder bites you.
* * * LOW HITPOINT WARNING * * *
It was a potion of flight.
You feel very buoyant.
You fly up into the air.
* * * LOW HITPOINT WARNING * * *
You feel sick. The adder bites you.
You die...

#
##..#.†......#+#####..
#
##.###.#.............
# ..#.................
.#.#.#.###.......(...
..#.#.#...............
##
#.#.................
..#<...##........... #
#..##.###........... #
........@.......... #
....#.##S########### #
.(† # #.#.. .. .(. .#
.#.. ..... ## (([


You could see an adder.

Vanquished Creatures
  An adder (D:2)
  2 worms (D:2)
  A dart slug (D:2)
  A leopard gecko (D:2)
  2 goblins (D:1)
  7 hobgoblins
  6 jackals (D:2)
  A quokka (D:2)
  6 bats
  5 rats
32 creatures vanquished.

Notes
Turn   | Place    | Note
-------+----------+-------------------------------------------
     0 | D:1      | windgrace the Formicid Arcane Marksman began the quest for
                  | the Orb.
     0 | D:1      | Reached XP level 1. HP: 15/15 MP: 2/2
   184 | D:1      | Reached XP level 2. HP: 21/21 MP: 3/3
   847 | D:2      | Reached skill level 1 in Stealth
   849 | D:2      | Reached skill level 4 in Hexes
   853 | D:2      | Reached XP level 3. HP: 23/26 MP: 5/5
   955 | D:2      | Found a radiant altar of Vehumet.
  1103 | D:2      | Reached XP level 4. HP: 33/33 MP: 6/6
  1150 | D:2      | Slain by an adder

Illustrated notes

Levels and vault maps discovered:
D:1:      lemuel_arrival_lava_pool, layout_basic, amcnicky_mini_pool_small
D:2:      layout_basic, vehumet_crystals

Skill      XL: |  1  2 |
---------------+-------+-----
Stealth        | 1 |  1.5
Hexes          | 4 |  4.1
Fighting       | |  1.9
Throwing       | |  2.5
Dodging        | |  1.7
Spellcasting   | |  1.7

Action                   |  1- 3 |  4- 6 || total
-------------------------+-------+-------++-------
Melee: Unarmed           |    56 |    13 ||    69
Throw: Javelin           |    54 |     9 ||    63
  Use: Potion            |       |     1 ||     1
Armor: Robe              |    15 |     2 ||    17
Dodge: Dodged            |    42 |    15 ||    57
